 Dungeon Crawl Stone Soup version 0.27.1-1-g398f81649c (webtiles) character file.

Game seed: 2911123711490923793

4103 sombersunday the Cleaver (level 10, 0/90 HPs)
             Began as a Minotaur Berserker on Sept 6, 2021.
             Was a High Priest of Trog.
             Slain by a nine-headed hydra (10 damage)
             ... on level 9 of the Dungeon on Sept 9, 2021.
             The game lasted 01:01:27 (9293 turns).

sombersunday the Cleaver (Minotaur Berserker)       Turns: 9293, Time: 01:01:29

Health: 0/90       AC: 23    Str: 24    XL:     10   Next: 6%
Magic:  3/3        EV: 11    Int:  4    God:    Trog [*****.]
Gold:   24         SH:  0    Dex: 20    Spells: 9/9 levels left

rFire    . . .     SeeInvis .   K - +3 halberd (antimagic)
rCold    . . .     Faith    +   (shield currently unavailable)
rNeg     . . .     Spirit   .   m - +8 chain mail of a volcano {Harm Rampage rPois Dex+3}
rPois    +         Reflect  .   (helmet restricted)
rElec    .         Harm     +   N - +0 cloak
rCorr    .         Rampage  +   s - +0 pair of gloves
Will     ++...                  w - +0 pair of boots
Stlth    ..........             c - amulet of faith
HPRegen  1.25/turn              l - +6 ring of dexterity
MPRegen  0.08/turn              o - +4 ring of slaying

@: mighty, about to teleport, strong-willed, regenerating, studying Bows
A: horns 2, retaliatory headbutt
a: Renounce Religion, Berserk, Trog's Hand, Brothers in Arms


You were on level 9 of the Dungeon.
You worshipped Trog.
Trog was extremely pleased with you.
You visited 2 branches of the dungeon, and saw 10 of its levels.

You collected 424 gold pieces.
You spent 400 gold pieces at shops.

Inventory:

Hand Weapons
 a - a +0 hand axe
 b - a +0 flail of protection
 g - a +2 broad axe of chaos
 j - a +0 hunting sling
 r - a +0 spear
 J - the +1 flail of Giomerun {vorpal, rN++}
   (You found it on level 8 of the Dungeon)

   It inflicts extra damage upon your enemies.
   rN:        It greatly protects you from negative energy.
 K - a +3 antimagic halberd (weapon)
Missiles
 f - 4 silver boomerangs
 i - 239 stones
 q - 84 sling bullets
 u - 44 poisoned darts (quivered)
 z - a curare-tipped dart
 E - 5 boomerangs
Armour
 m - the +8 chain mail of a volcano (worn) {Harm Rampage rPois Dex+3}
   (You found it on level 6 of the Dungeon)

   Dex:       It affects your dexterity (+3).
   rPois:     It protects you from poison.
   Harm:      It increases damage dealt and taken.
   Rampage:   It bestows one free step when moving towards enemies.
 s - a +0 pair of gloves (worn)
 v - a +3 scale mail of willpower
 w - a +0 pair of boots (worn)
 A - +0 steam dragon scales
 L - a +0 plate armour
 N - a +0 cloak (worn)
 O - +0 acid dragon scales
Jewellery
 c - an amulet of faith (around neck)
 k - the ring "Denac" {EV+4 Int+4}
   (You found it on level 5 of the Dungeon)

   [ring of evasion]

   EV:        It affects your evasion (+4).
   Int:       It affects your intelligence (+4).
 l - a +6 ring of dexterity (left hand)
 o - a +4 ring of slaying (right hand)
 t - a +4 ring of slaying
 x - a ring of protection from fire
 y - a +4 ring of protection
Wands
 G - a wand of paralysis (8)
Scrolls
 d - a scroll of fog
 n - 4 scrolls of teleportation
 p - a scroll of blinking
 B - a scroll of amnesia
 F - 2 scrolls of noise
 I - a scroll of torment
Potions
 e - 4 potions of curing
 h - a potion of flight
 C - 2 potions of brilliance
 D - a potion of heal wounds


   Skills:
 + Level 8.7 Fighting
 * Level 11.8(12.0) Axes
 + Level 3.8(8.6) Polearms
 + Level 0.6 Throwing
 * Level 8.5 Armour
 + Level 4.4 Dodging
 + Level 1.3 Stealth


You had 9 spell levels left.
You didn't know any spells.
Your spell library was empty.

Dungeon Overview and Level Annotations

Branches:
Dungeon (9/15)             Temple (1/1) D:4
   Lair: D:8-11         Orc: D:9-12

Altars:
Ashenzari
Cheibriados
Dithmenos
Elyvilon
Fedhas
Gozag
Hepliaklqana
Kikubaaqudgha
Makhleb
Nemelex Xobeh
Okawaru
Qazlal
Ru
Sif Muna
Trog
Uskayaw
Vehumet
Wu Jian
Xom
Yredelemnul
Zin
The Shining One

Shops:
D:3 *   D:9 =

Annotations:
D:9 1 runed translucent door


Innate Abilities, Weirdness & Mutations

You have a pair of horns on your head.
You reflexively headbutt those who attack you in melee.


Message History

The nine-headed hydra completely misses you.
The nine-headed hydra bites you but does no damage. x2
The seven-headed hydra barely misses you.
You furiously retaliate!
You headbutt the seven-headed hydra. The seven-headed hydra bites you.
The seven-headed hydra bites you but does no damage.
The seven-headed hydra barely misses you.
The seven-headed hydra bites you.
The seven-headed hydra bites you but does no damage.
The seven-headed hydra bites you.
The nine-headed hydra bites you but does no damage.
The nine-headed hydra bites you!
The nine-headed hydra bites you but does no damage.
The nine-headed hydra barely misses you.
The nine-headed hydra closely misses you.
The nine-headed hydra bites you but does no damage.
The nine-headed hydra bites you.
* * * LOW HITPOINT WARNING * * *
The nine-headed hydra closely misses you.
The nine-headed hydra bites you but does no damage.
As you read the scroll of teleportation, it crumbles to dust.
You feel strangely unstable.
The seven-headed hydra bites you but does no damage.
The seven-headed hydra closely misses you.
The seven-headed hydra bites you but does no damage.
The seven-headed hydra misses you. The seven-headed hydra bites you.
* * * LOW HITPOINT WARNING * * *
The seven-headed hydra barely misses you.
The seven-headed hydra bites you.
* * * LOW HITPOINT WARNING * * *
The nine-headed hydra bites you!
* * * LOW HITPOINT WARNING * * *
The nine-headed hydra bites you but does no damage. x2
The nine-headed hydra closely misses you.
The nine-headed hydra bites you.
* * * LOW HITPOINT WARNING * * *
The nine-headed hydra closely misses you.
The nine-headed hydra bites you but does no damage. x2
The nine-headed hydra bites you!
You die...

...........#... ..
.)......
...........#.... ..
........
####.......#...####.
..##.....### ..#... .
..##.....#####.#..# ..
......<........#.# .#
.................# ..
#######..........# .#.#
#######..##....#@#....#
##...###'##....#DD#
##._.##..#.....#........
##...###.#.....####..###
.#####...#..............
.........#............##
..#+#....########### ##
..#p#....# ..###....#


You could see a nine-headed hydra and a seven-headed hydra.

Vanquished Creatures
  A two-headed ogre (D:9)
  Maurice (D:8)
  Maggie (D:8)
  An acid dragon (D:8)
  A sky beast (D:5)
  3 orc warriors
  2 ice beasts
  A black bear (D:6)
  2 centaurs
  3 ogres
  A necrophage (D:6)
  A phantom (D:4)
  A kobold brigand (D:7)
  2 bullfrogs
  2 scorpions
  A wyvern skeleton (D:7)
  A howler monkey (D:8)
  2 centaur zombies
  4 hounds
  2 jellies
  A gnoll shaman (D:8)
  5 orc priests
  A bullfrog skeleton (D:4)
  Jessica (D:3)
  11 orc wizards
  An iguana (D:6)
  Natasha (thrice) (D:2)
  A hound skeleton (D:4)
  4 gnolls (D:8)
  7 adders
  2 white imps
  An ufetubus (D:6)
  An adder skeleton (D:4)
  4 worms
  A dart slug (D:1)
  40 orcs
  6 bats
  2 endoplasms (D:2)
  11 giant cockroaches
  12 goblins
  5 hobgoblins
  4 jackals (D:4)
  3 quokkas
  11 ball pythons
  2 frilled lizards (D:1)
  9 kobolds
  A kobold skeleton (D:9)
  5 rats
  A butterfly (D:4)
189 creatures vanquished.

Vanquished Creatures (others)
  3 plants (D:1)
3 creatures vanquished.

Grand Total: 192 creatures vanquished

Notes
Turn   | Place    | Note
-------+----------+-------------------------------------------
     0 | D:1      | sombersunday the Minotaur Berserker began the quest for the
                  | Orb.
     0 | D:1      | Reached XP level 1. HP: 19/19 MP: 0/0
   490 | D:1      | Reached skill level 4 in Axes
   490 | D:1      | Reached XP level 2. HP: 26/27 MP: 1/1
   742 | D:1      | Reached ** piety under Trog
   778 | D:1      | Found a faded altar of an unknown god.
  1305 | D:2      | Reached XP level 3. HP: 34/34 MP: 2/2
  1488 | D:2      | Noticed Natasha
  1491 | D:2      | Killed Natasha
  1611 | D:2      | Noticed Natasha
  1651 | D:2      | Killed Natasha
  1652 | D:2      | Reached XP level 4. HP: 41/41 MP: 3/3
  1996 | D:2      | Noticed Natasha
  2006 | D:2      | Killed Natasha
  2007 | D:2      | Reached skill level 5 in Fighting
  2007 | D:2      | Reached skill level 5 in Axes
  2391 | D:2      | Reached *** piety under Trog
  2457 | D:2      | Reached XP level 5. HP: 47/48 MP: 4/4
  2988 | D:3      | Noticed Jessica
  2995 | D:3      | Killed Jessica
  3149 | D:3      | Found Ocarchedgh's General Store.
  3427 | D:3      | Reached XP level 6. HP: 48/56 MP: 5/5
  3579 | D:3      | Found a hide-covered altar of Uskayaw.
  3870 | D:4      | Reached skill level 6 in Axes
  3870 | D:4      | Reached skill level 5 in Armour
  3985 | D:4      | Reached XP level 7. HP: 48/61 MP: 6/6
  4071 | D:4      | Found a staircase to the Ecumenical Temple.
  4074 | D:4      | Reached **** piety under Trog
  4309 | D:4      | Found a radiant altar of Vehumet.
  4354 | D:4      | Reached skill level 7 in Axes
  5023 | D:5      | Entered Level 5 of the Dungeon
  5042 | D:5      | Identified the ring "Denac" {EV+4 Int+4}
  5305 | D:5      | Found a sacrificial altar of Ru.
  5389 | D:5      | Reached skill level 8 in Axes
  5393 | D:5      | Reached XP level 8. HP: 71/71 MP: 7/7
  5412 | D:5      | Found an ancient bone altar of Kikubaaqudgha.
  5609 | D:5      | Found an iron altar of Okawaru.
  5658 | D:5      | Found a burning altar of Makhleb.
  6028 | D:6      | Reached skill level 9 in Axes
  6093 | D:6      | Reached skill level 1 in Stealth
  6256 | D:6      | Identified the +8 chain mail of a volcano {Harm Rampage
                  | rPois Dex+3}
  6617 | D:7      | Reached ***** piety under Trog
  6884 | D:7      | Reached skill level 10 in Axes
  6987 | D:7      | Reached XP level 9. HP: 76/79 MP: 8/8
  7525 | D:7      | Found a blossoming altar of Fedhas.
  7525 | D:7      | Found a shimmering altar of Xom.
  7716 | D:8      | Noticed Maggie
  7729 | D:8      | Killed Maggie
  7826 | D:8      | Noticed Maurice
  7834 | D:8      | Killed Maurice
  7835 | D:8      | Reached skill level 11 in Axes
  7944 | D:8      | Identified the +1 flail of Giomerun {vorpal, rN++}
  8045 | D:8      | Received a gift from Trog
  8255 | D:8      | Reached skill level 1 in Polearms
  8693 | Temple   | Entered the Ecumenical Temple
  9199 | D:9      | Found Miru's Jewellery Shop.
  9206 | D:9      | Noticed a two-headed ogre
  9210 | D:9      | Killed a two-headed ogre
  9211 | D:9      | Reached XP level 10. HP: 87/90 MP: 3/9
  9227 | D:9      | Bought a ring of protection from fire for 400 gold pieces
  9249 | D:9      | Found a runed translucent door.
  9254 | D:9      | Found a basalt altar of Yredelemnul.
  9286 | D:9      | Noticed a seven-headed hydra
  9286 | D:9      | Noticed a six-headed hydra
  9293 | D:9      | Slain by a nine-headed hydra

Illustrated notes

Levels and vault maps discovered:
D:1:      minmay_arrival_four_houses, layout_loops_cross, serial_forest,
          infiniplex_forest_end_1, infiniplex_forest_straight_5,
          infiniplex_forest_straight_2, infiniplex_forest_join,
          infiniplex_forest_straight_5, infiniplex_forest_clump_small,
          infiniplex_forest_end_3, infiniplex_forest_clump_small,
          hellmonk_ecumenical_altar_heavens_door, minmay_worlds_worst_comb
D:2:      kb_forest_paths, layout_loops_ring, uniq_natasha
D:3:      layout_basic, eat_drink_and_be_merry_uskayaw, serial_shops,
          shop_fountains, uniq_jessica
D:4:      layout_basic, mainiacjoe_overflow_alcove_2,
          minmay_temple_entry_butterflies
D:5:      layout_rooms, mainiacjoe_overflow_catwalk_spiral,
          mainiacjoe_overflow_catch_the_wave, corexii_item_surrounded_by_moat
D:6:      layout_gridville, minivault_24
D:7:      layout_loops_ring, gammafunk_temple_overflow_statue,
          serial_co_window_serial, co_window_paths_a, co_window_paths_b,
          co_window_corner_a, co_window_of_opportunity_a, co_window_corner_a,
          co_window_corner_a, co_window_of_opportunity_a, co_window_corner_a,
          co_window_paths_b, co_window_broadway_a, co_window_corner_cb,
          co_window_2corner, co_window_paths_e
D:8:      layout_rooms, minmay_manual_mess, uniq_maggie, uniq_maurice
D:9:      layout_gridville, dk_yredelemnul_ordeal, serial_shops, shop,
          minmay_splitting_lines, serial_park_tiny_2, minivault_20,
          uniq_gastronok
Temple:   dshaligram_water_room_temple

Skill      XL: |  1  2  3  4  5  6  7  8  9 |
---------------+----------------------------+-----
Axes           | 4 5 6 8 10 11 | 11.8
Fighting       | 4 5 6 7 8 |  8.7
Armour         | 3 4 5 7 8 |  8.5
Dodging        | 3 4 |  4.4
Stealth        | 1 |  1.3
Polearms       | 3 |  3.8
Throwing       | |  0.6

Action                   |  1- 3 |  4- 6 |  7- 9 | 10-12 || total
-------------------------+-------+-------+-------+-------++-------
Melee: Hand axe          |    83 |    59 |       |       ||   142
       Headbutt          |    14 |    31 |    29 |     1 ||    75
       Broad axe         |       |    39 |   120 |       ||   159
       Halberd           |       |       |    36 |     4 ||    40
Throw: Boomerang         |       |       |     4 |       ||     4
Invok: Berserk           |     2 |     2 |     7 |       ||    11
       Trog's Hand       |       |     2 |       |     1 ||     3
  Use: Scroll            |       |     4 |    14 |     1 ||    19
       Potion            |       |     3 |     6 |     1 ||    10
Armor: Animal skin       |     7 |       |       |       ||     7
       Scale mail        |    17 |    19 |    19 |       ||    55
       Chain mail        |       |    24 |    33 |    24 ||    81
Dodge: Dodged            |    37 |    55 |    55 |    22 ||   169
